TOP OF THE 1ST |
Colorado Rockies batting - Pitching for Texas Rangers : RHP Keegan Thompson
|
Pitching: RHP Keegan Thompson
|
|
Batting: LHB Michael Harris II
|
0-0: Ball 1-0: Foul Ball, location: 2RF 1-1: SINGLE (Line Drive, 8LS, EV 103.1 MPH)
|
Batting: RHB Trea Turner
|
0-0: Swinging Strike 0-1: Ball 1-1: Grounds into double play, 6-4-3 (Groundball, 6, EV 81.9 MPH)
|
Batting: LHB Joey Gallo
|
0-0: Called Strike 0-1: Ball 1-1: Called Strike 1-2: Strikes out swinging
|
Top of the 1st over - 0 runs, 1 hit, 0 errors, 0 left on base; Colorado 0 - Texas 0 |
BOTTOM OF THE 1ST |
Texas Rangers batting - Pitching for Colorado Rockies : LHP Max Fried
|
Pitching: LHP Max Fried
|
|
Batting: RHB Ke'Bryan Hayes
|
0-0: Foul Ball, location: 5F 0-1: Swinging Strike 0-2: Foul Ball, location: 9LDF 0-2: Ball 1-2: Ground out 6-3 (Groundball, 6, EV 83.8 MPH)
|
Batting: SHB Luis Rengifo
|
0-0: Fly out, F8 (Flyball, 78S, EV 91.9 MPH)
|
Batting: RHB Trayce Thompson
|
0-0: Called Strike 0-1: Called Strike 0-2: Ball 1-2: Ball 2-2: Foul Ball, location: 2F 2-2: Ball 3-2: Foul Ball, location: 23F 3-2: Ground out 5-3 (Groundball, 56, EV 85.0 MPH)
|
Bottom of the 1st over - 0 runs, 0 hits, 0 errors, 0 left on base; Colorado 0 - Texas 0 |
TOP OF THE 2ND |
Colorado Rockies batting - Pitching for Texas Rangers : RHP Keegan Thompson
|
Batting: LHB Rowdy Tellez
|
0-0: Ball 1-0: Called Strike 1-1: Ball 2-1: Swinging Strike 2-2: Strikes out swinging
|
Batting: LHB Ryan McMahon
|
0-0: Ball 1-0: Called Strike 1-1: Swinging Strike 1-2: Ball 2-2: Foul Ball, location: 7LMF 2-2: Ball 3-2: Strikes out swinging
|
Batting: RHB Justin Turner
|
0-0: Foul Ball, location: 2F 0-1: Swinging Strike 0-2: SOLO HOME RUN (Flyball, 7D, EV 98.1 MPH), Distance : 374 ft
|
Batting: RHB Eugenio Suárez
|
0-0: Foul Ball, location: 5F 0-1: Foul Ball, location: 2LF 0-2: Ground out 6-3 (Groundball, 56, EV 87.5 MPH)
|
Top of the 2nd over - 1 run, 1 hit, 0 errors, 0 left on base; Colorado 1 - Texas 0 |
BOTTOM OF THE 2ND |
Texas Rangers batting - Pitching for Colorado Rockies : LHP Max Fried
|
Batting: RHB Jose Peraza
|
0-0: Reached on error, E3 (Line Drive, 3L, EV 63.1 MPH)
|
Batting: RHB Cristian Santana
|
0-0: Ball 1-0: Swinging Strike 1-1: Fielders Choice at 2nd, 5-4 (Groundball, 56, EV 85.6 MPH)
|
Batting: RHB Matt Vierling
|
0-0: Swinging Strike 0-1: Ball 1-1: Called Strike 1-2: Strikes out looking
|
Batting: RHB Yolbert Sanchez
|
0-0: Called Strike 0-1: SINGLE (Groundball, 56S, EV 73.1 MPH) (infield hit) Cristian Santana to second
|
Batting: RHB Bryson Brigman
|
0-0: Fly out, F7 (Line Drive, 78D, EV 90.6 MPH)
|
Bottom of the 2nd over - 0 runs, 1 hit, 1 error, 2 left on base; Colorado 1 - Texas 0 |
TOP OF THE 3RD |
Colorado Rockies batting - Pitching for Texas Rangers : RHP Keegan Thompson
|
Batting: SHB Cal Raleigh
|
0-0: Ball 1-0: Foul Ball, location: 7LDF 1-1: Ground out 4-3 (Groundball, 4, EV 82.5 MPH)
|
Batting: RHB Manuel Margot
|
0-0: Called Strike 0-1: Ball 1-1: Ball 2-1: Foul Ball, location: 2F 2-2: Strikes out swinging
|
Batting: LHB Michael Harris II
|
0-0: Ball 1-0: Ball 2-0: Called Strike 2-1: SINGLE (Groundball, 6MD, EV 102.5 MPH) (infield hit)
|
Batting: RHB Trea Turner
|
0-0: Ball 1-0: Ball 2-0: Fly out, F7 (Flyball, 7D, EV 96.3 MPH)
|
Top of the 3rd over - 0 runs, 1 hit, 0 errors, 1 left on base; Colorado 1 - Texas 0 |
BOTTOM OF THE 3RD |
Texas Rangers batting - Pitching for Colorado Rockies : LHP Max Fried
|
Batting: RHB Ali Sanchez
|
0-0: Ball 1-0: Ball 2-0: Swinging Strike 2-1: Ball 3-1: SINGLE (Groundball, 34D, EV 99.4 MPH)
|
Batting: RHB Ke'Bryan Hayes
|
0-0: Fly out, F7 (Flyball, 7LM, EV 98.1 MPH)
|
Batting: SHB Luis Rengifo
|
0-0: Grounds into double play, U4-3 (Groundball, 6M, EV 86.3 MPH)
|
Bottom of the 3rd over - 0 runs, 1 hit, 0 errors, 0 left on base; Colorado 1 - Texas 0 |
TOP OF THE 4TH |
Colorado Rockies batting - Pitching for Texas Rangers : RHP Keegan Thompson
|
Batting: LHB Joey Gallo
|
0-0: Called Strike 0-1: Foul Ball, location: 2F 0-2: Ball 1-2: Ball 2-2: Ball 3-2: Foul Ball, location: 9LMF 3-2: Foul Ball, location: 7LSF 3-2: Foul Ball, location: 2F 3-2: Foul Ball, location: 25F 3-2: Fly out, F7 (Flyball, 7LS, EV 90.6 MPH)
|
Batting: LHB Rowdy Tellez
|
0-0: Ball 1-0: Foul Ball, location: 7LMF 1-1: Called Strike 1-2: Ball 2-2: Ball 3-2: Foul Ball, location: 23F 3-2: Fly out, F8 (Line Drive, 8LM, EV 93.1 MPH)
|
Batting: LHB Ryan McMahon
|
0-0: Called Strike 0-1: Foul Ball, location: 7LMF 0-2: Ball 1-2: Ball 2-2: Foul Ball, location: 7LSF 2-2: Strikes out looking
|
Top of the 4th over - 0 runs, 0 hits, 0 errors, 0 left on base; Colorado 1 - Texas 0 |
BOTTOM OF THE 4TH |
Texas Rangers batting - Pitching for Colorado Rockies : LHP Max Fried
|
Batting: RHB Trayce Thompson
|
0-0: Called Strike 0-1: Called Strike 0-2: Ball 1-2: Strikes out looking
|
Batting: RHB Jose Peraza
|
0-0: Foul Ball, location: 9LMF 0-1: Foul Ball, location: 2F 0-2: Fly out, F9 (Flyball, 9D, EV 101.9 MPH)
|
Batting: RHB Cristian Santana
|
0-0: Ground out 6-3 (Groundball, 56, EV 83.1 MPH)
|
Bottom of the 4th over - 0 runs, 0 hits, 0 errors, 0 left on base; Colorado 1 - Texas 0 |
TOP OF THE 5TH |
Colorado Rockies batting - Pitching for Texas Rangers : RHP Keegan Thompson
|
Batting: RHB Justin Turner
|
0-0: Swinging Strike 0-1: Ball 1-1: Ball 2-1: Called Strike 2-2: Ball 3-2: Foul Ball, location: 25F 3-2: Foul Ball, location: 9LMF 3-2: Strikes out swinging
|
Batting: RHB Eugenio Suárez
|
0-0: Ball 1-0: Hit by Pitch
|
Batting: SHB Cal Raleigh
|
0-0: Called Strike 0-1: Foul Ball, location: 3F 0-2: Fly out, F8 (Flyball, 8RD, EV 93.1 MPH)
|
Batting: RHB Manuel Margot
|
0-0: Foul Ball, location: 3F 0-1: Ball 1-1: Fielders Choice at 2nd, 6-4 (Groundball, 6, EV 93.1 MPH)
|
Top of the 5th over - 0 runs, 0 hits, 0 errors, 1 left on base; Colorado 1 - Texas 0 |
BOTTOM OF THE 5TH |
Texas Rangers batting - Pitching for Colorado Rockies : LHP Max Fried
|
Batting: RHB Matt Vierling
|
0-0: Foul Ball, location: 25F 0-1: Fly out, F8 (Flyball, 78D, EV 110.6 MPH)
|
Batting: RHB Yolbert Sanchez
|
0-0: Ball 1-0: Ball 2-0: Called Strike 2-1: Fly out, F8 (Flyball, 8LM, EV 86.3 MPH)
|
Batting: RHB Bryson Brigman
|
0-0: Ball 1-0: SINGLE (Groundball, 6S, EV 70.6 MPH) (infield hit)
|
Batting: RHB Ali Sanchez
|
0-0: Called Strike 0-1: Called Strike 0-2: Ball 1-2: Ground out 4-3 (Groundball, 13, EV 88.1 MPH)
|
Bottom of the 5th over - 0 runs, 1 hit, 0 errors, 1 left on base; Colorado 1 - Texas 0 |
TOP OF THE 6TH |
Colorado Rockies batting - Pitching for Texas Rangers : RHP Keegan Thompson
|
Batting: LHB Michael Harris II
|
0-0: Called Strike 0-1: Ball 1-1: Ball 2-1: Fly out, F8 (Flyball, 8RD, EV 95.6 MPH)
|
Batting: RHB Trea Turner
|
0-0: Called Strike 0-1: Swinging Strike 0-2: Foul Ball, location: 2F 0-2: Strikes out swinging
|
Batting: LHB Joey Gallo
|
0-0: Ball 1-0: Called Strike 1-1: Foul Ball, location: 7LMF 1-2: Strikes out swinging
|
Top of the 6th over - 0 runs, 0 hits, 0 errors, 0 left on base; Colorado 1 - Texas 0 |
BOTTOM OF THE 6TH |
Texas Rangers batting - Pitching for Colorado Rockies : LHP Max Fried
|
Batting: RHB Ke'Bryan Hayes
|
0-0: Ball 1-0: Ball 2-0: Ball 3-0: Base on Balls
|
Batting: SHB Luis Rengifo
|
0-0: Ball 1-0: Foul Ball, location: 2F 1-1: Ball 2-1: Ball 3-1: Ground out 5-3 (Groundball, 56S, EV 66.3 MPH) Ke'Bryan Hayes to second
|
Batting: RHB Trayce Thompson
|
0-0: Ball 1-0: 2-RUN HOME RUN (Flyball, 9D, EV 98.1 MPH), Distance : 363 ft
|
Batting: RHB Jose Peraza
|
0-0: Ball 1-0: Ball 2-0: Foul Ball, location: 2F 2-1: DOUBLE (Line Drive, 7LS, EV 103.8 MPH)
|
Batting: RHB Cristian Santana
|
0-0: SINGLE (Line Drive, 6D, EV 104.4 MPH) Jose Peraza to third Runner from 3rd tries for Home, throw by CF and OUT! 8-2
|
Batting: RHB Matt Vierling
|
0-0: Ball 1-0: Called Strike 1-1: Foul Ball, location: 5SF 1-2: Strikes out looking
|
Bottom of the 6th over - 2 runs, 3 hits, 0 errors, 1 left on base; Colorado 1 - Texas 2 |
TOP OF THE 7TH |
Colorado Rockies batting - Pitching for Texas Rangers : RHP Keegan Thompson
|
Pitching: RHP Michael Rucker
|
|
Batting: LHB Rowdy Tellez
|
0-0: Swinging Strike 0-1: Ball 1-1: Fly out, F8 (Flyball, 8RXD, EV 101.3 MPH)
|
Batting: LHB Ryan McMahon
|
0-0: Called Strike 0-1: Ball 1-1: Reached on error, E4 (Groundball, 34, EV 106.9 MPH)
|
Batting: RHB Justin Turner
|
0-0: Called Strike 0-1: Ball 1-1: Called Strike 1-2: Ground out 6-3 (Groundball, 6, EV 93.1 MPH)
|
Pinch Hitting: LHB Socrates Brito
|
0-0: Called Strike 0-1: Ground out 5-3 (Groundball, 56, EV 101.9 MPH)
|
Top of the 7th over - 0 runs, 0 hits, 1 error, 1 left on base; Colorado 1 - Texas 2 |
BOTTOM OF THE 7TH |
Texas Rangers batting - Pitching for Colorado Rockies : LHP Max Fried
|
Now at 3B: José Miranda
|
|
Batting: RHB Yolbert Sanchez
|
0-0: Called Strike 0-1: Foul Ball, location: 2F 0-2: SINGLE (Groundball, 6MD, EV 101.9 MPH)
|
Batting: RHB Bryson Brigman
|
0-0: Sac Bunt to 5S - play at second, runner OUT! 5-6
|
Batting: RHB Ali Sanchez
|
0-0: Foul Ball, location: 9LSF 0-1: Grounds into double play, 6-4-3 (Groundball, 6, EV 101.3 MPH)
|
Bottom of the 7th over - 0 runs, 1 hit, 0 errors, 0 left on base; Colorado 1 - Texas 2 |
TOP OF THE 8TH |
Colorado Rockies batting - Pitching for Texas Rangers : RHP Michael Rucker
|
Batting: SHB Cal Raleigh
|
0-0: Ball 1-0: Ball 2-0: Called Strike 2-1: SINGLE (Line Drive, 7LS, EV 108.1 MPH)
|
Batting: RHB Manuel Margot
|
0-0: Grounds into double play, 4-6-3 (Groundball, 34, EV 86.3 MPH)
|
Batting: LHB Michael Harris II
|
0-0: Ball 1-0: Ball 2-0: Fly out, F7 (Flyball, 78M, EV 90.0 MPH)
|
Top of the 8th over - 0 runs, 1 hit, 0 errors, 0 left on base; Colorado 1 - Texas 2 |
BOTTOM OF THE 8TH |
Texas Rangers batting - Pitching for Colorado Rockies : LHP Max Fried
|
Batting: RHB Ke'Bryan Hayes
|
0-0: Called Strike 0-1: SINGLE (Groundball, 4D, EV 97.5 MPH)
|
Batting: SHB Luis Rengifo
|
0-0: Called Strike 0-1: Foul Ball, location: 2F 0-2: Ball 1-2: Fly out, F8 (Flyball, 8RXD, EV 109.4 MPH)
|
Batting: RHB Trayce Thompson
|
0-0: Ball 1-0: Ball 2-0: Foul Ball, location: 9LSF 2-1: SINGLE (Groundball, 4MD, EV 98.8 MPH) Ke'Bryan Hayes to second
|
Batting: RHB Jose Peraza
|
0-0: Foul Ball, location: 9LDF 0-1: Foul Ball, location: 7LSF 0-2: Strikes out looking
|
Pitching: LHP Jose Quijada
|
|
Batting: RHB Cristian Santana
|
0-0: Called Strike 0-1: Ball 1-1: Foul Ball, location: 9LSF 1-2: Hit by Pitch Ke'Bryan Hayes to third Trayce Thompson to second
|
Batting: RHB Matt Vierling
|
0-0: Called Strike 0-1: Foul Ball, location: 2F 0-2: Ball 1-2: Ball 2-2: Foul Ball, location: 2F 2-2: Foul Ball, location: 2F 2-2: Ground out 5-3 (Groundball, 56S, EV 85.0 MPH)
|
Bottom of the 8th over - 0 runs, 2 hits, 0 errors, 3 left on base; Colorado 1 - Texas 2 |
TOP OF THE 9TH |
Colorado Rockies batting - Pitching for Texas Rangers : RHP Michael Rucker
|
Pitching: RHP Riley Thompson
|
|
Now in LF: Luis Liberato
|
|
Batting: RHB Trea Turner
|
0-0: Ball 1-0: Fly out, F6 (Line Drive, 6, EV 67.5 MPH)
|
Batting: LHB Joey Gallo
|
0-0: Called Strike 0-1: Swinging Strike 0-2: Foul Ball, location: 23F 0-2: Strikes out looking
|
Batting: LHB Rowdy Tellez
|
0-0: Foul Ball, location: 2F 0-1: SINGLE (Flyball, 8LM, EV 94.4 MPH)
|
Batting: LHB Ryan McMahon
|
0-0: Called Strike 0-1: Ball Wild Pitch! Rowdy Tellez to second 1-1: Foul Ball, location: 2F 1-2: Strikes out swinging, 2-3 out at first.
|
Top of the 9th over - 0 runs, 1 hit, 0 errors, 1 left on base; Colorado 1 - Texas 2 |
|